 Dungeon Crawl Stone Soup version 0.22-a0-231-g1b571ea (webtiles) character file.

27 tidbits the Magician (level 3, -2/28 HPs)
             Began as a Gnoll Wanderer on Feb 20, 2018.
             Slain by Natasha (8 damage)
             ... on level 2 of the Dungeon.
             The game lasted 00:01:41 (150 turns).

tidbits the Magician (Gnoll Wanderer)                Turns: 150, Time: 00:01:41

Health: -2/28      AC:  2    Str: 14    XL:     3   Next: 10%
Magic:  11/11      EV: 13    Int: 16    God:
Gold:   40         SH:  0    Dex: 15    Spells: 16/16 levels left

rFire    . . .     SeeInvis .   a - +2 quarterstaff
rCold    . . .     Gourm    .   (shield currently unavailable)
rNeg     . . .     Faith    .   d - +0 robe
rPois    .         Spirit   .   (no helmet)
rElec    .         Reflect  .   (no cloak)
rCorr    .         Harm     .   (no gloves)
MR       .....                  (no boots)
Stlth    ++........             (no amulet)
HPRegen  0.09/turn              i - +2 ring of intelligence
MPRegen  0.12/turn              (no ring)

@: slowed, very slow
A: distributed training, fangs 1, strong nose
a: no special abilities


You were on level 2 of the Dungeon.
You were not hungry.

You visited 1 branch of the dungeon, and saw 2 of its levels.

You collected 40 gold pieces.

Inventory:

Hand Weapons
 a - a +2 quarterstaff (weapon)
 e - a +0 dagger
Armour
 d - a +0 robe (worn)
Jewellery
 i - a +2 ring of intelligence (left hand)
   (You found it on level 1 of the Dungeon)
Scrolls
 c - a scroll of teleportation
 f - 2 scrolls of remove curse {unknown}
 h - a scroll of identify {unknown}
Potions
 g - a potion of flight {unknown}
Comestibles
 b - 3 rations


   Skills:
 + Level 2.5 Fighting
 + Level 0.6 Short Blades
 + Level 0.6 Long Blades
 + Level 0.6 Axes
 + Level 0.6 Maces & Flails
 + Level 0.6 Polearms
 + Level 6.5 Staves
 + Level 0.6 Slings
 + Level 0.6 Bows
 + Level 0.6 Crossbows
 + Level 0.6 Throwing
 + Level 0.6 Armour
 + Level 2.5 Dodging
 + Level 2.3 Stealth
 + Level 2.5 Shields
 + Level 0.6 Unarmed Combat
 + Level 7.1 Spellcasting
 + Level 0.4 Conjurations
 + Level 0.4 Hexes
 + Level 0.4 Charms
 + Level 0.4 Summonings
 + Level 0.4 Necromancy
 + Level 0.4 Translocations
 + Level 0.4 Transmutations
 + Level 0.4 Fire Magic
 + Level 0.4 Ice Magic
 + Level 0.4 Air Magic
 + Level 0.4 Earth Magic
 + Level 0.4 Poison Magic
 + Level 0.8 Invocations
 + Level 0.6 Evocations


You had 16 spell levels left.
You didn't know any spells.

Dungeon Overview and Level Annotations

Branches:
Dungeon (2/15)

Altars:

Annotations:
D:2 Natasha


Innate Abilities, Weirdness & Mutations

Your experience applies equally to all skills.
You have very sharp teeth.
Your uncanny sense of smell can sniff out nearby items.


Message History

You hit the kobold. Your bite misses the kobold.
The kobold is heavily wounded.
The kobold hits you but does no damage.
You closely miss the kobold.
The kobold is heavily wounded.
The kobold hits you but does no damage.
You sock the kobold!
You kill the kobold!
You closely miss the kobold. The kobold barely misses you.
You hit the leopard gecko.
The leopard gecko is heavily wounded.
The leopard gecko misses you. The kobold hits you.
* * * LOW HITPOINT WARNING * * *
You thump the leopard gecko!
You kill the leopard gecko!
The kobold closely misses you.
You sock the kobold!
You kill the kobold!
The dart slug bites you.
* * * LOW HITPOINT WARNING * * *
Things that are here:
a dagger; a kobold corpse; a rat corpse You sock the dart slug!
You kill the dart slug!
Put on which piece of jewellery? (? for menu, Esc to quit)
You feel clever.
i - a +2 ring of intelligence (left hand)
You see here 16 gold pieces.
You now have 29 gold pieces (gained 16).
A rat comes into view.
There is a stone staircase leading down here.
You climb downwards.
There is a stone staircase leading up here.
Unknown command.
An adder comes into view.
Found 11 gold pieces.
Found a stone staircase leading down.
A kobold comes into view.
It is wielding an enchanted short sword.
The adder hisses angrily.
The kobold barely misses you.
You thump the kobold!
You kill the kobold!
Things that are here:
an enchanted short sword; a kobold corpse A hobgoblin comes into view.
It is wielding a club.
You barely miss the adder. Your bite misses the adder. The adder misses you.
You hit the adder.
The adder is moderately wounded.
The adder barely misses you.
You sock the adder!
You kill the adder!
You have reached level 3!
Your experience leads to an increase in your attributes!
Your base attributes are Str 14, Int 13, Dex 15.
Increase (S)trength, (I)ntelligence, or (D)exterity?
Uppercase letters only, please.
You feel clever.
The hobgoblin shouts!
You hit the hobgoblin.
The hobgoblin is almost dead.
The hobgoblin hits you but does no damage.
You sock the hobgoblin!
You kill the hobgoblin!
Things that are here:
an enchanted short sword; an adder corpse; a kobold corpse You see here 11 gold pieces.
You now have 40 gold pieces (gained 11).
There is a stone staircase leading down here.
Found a ration.
A giant cockroach comes into view.
Found a stone staircase leading up.
Natasha, Servant of Life and Death comes into view.
You see here a ration.
b - 3 rations (gained 1)
A hobgoblin comes into view.
Natasha closely misses you.
You hit Natasha. You bite Natasha, but do no damage.
Natasha is heavily wounded.
The hobgoblin shouts!
Natasha closely misses you.
You miss Natasha.
Natasha is heavily wounded.
Natasha claws you!
* * * LOW HITPOINT WARNING * * *
You hit Natasha but do no damage.
Natasha is moderately wounded.
Natasha closely misses you.
You hit Natasha.
Natasha is heavily wounded.
Natasha mumbles some strange words.
You feel disoriented.
Natasha stares at you and mumbles some strange words.
You feel yourself slow down.
You barely miss Natasha.
Natasha is heavily wounded.
The giant cockroach bites you but does no damage.
Natasha stares at you and mumbles some strange words.
You resist with significant effort. The giant cockroach closely misses you.
Natasha claws you!
You die...

.......#.#
######.#)########
#.#.........
#..#.########
#.###....>..# #####
#..#.######.##......
#..........#...#
#..########.####
#.## #@# #.# #h# #.#
#gs<......∆ #.#
#.....##### #.#
##...## # #.# ##..#
...###.# ...#
.....<.# ##.#
#..........# .#


You could see Natasha, a giant cockroach and a hobgoblin.

Vanquished Creatures
  An adder (D:2)
  2 dart slugs (D:1)
  A leopard gecko (D:1)
  2 hobgoblins
  4 kobolds
  2 bats (D:1)
  A rat (D:1)
13 creatures vanquished.

Notes
Turn   | Place    | Note
-------+----------+-------------------------------------------
     0 | D:1      | tidbits the Gnoll Wanderer began the quest for the Orb.
     0 | D:1      | tidbits set off with: a +2 quarterstaff, a ration, a scroll of teleportation, a +0 robe
     0 | D:1      | Reached XP level 1. HP: 17/17 MP: 8/8
    77 | D:1      | Reached XP level 2. HP: 18/23 MP: 10/10
   124 | D:2      | Reached XP level 3. HP: 10/28 MP: 11/11
   142 | D:2      | Noticed Natasha
   150 | D:2      | Slain by Natasha

Vault maps used:
D:1:      eino_arrival_cavern_e, serial_glass, glass_columns_b, glass_columns_a,
          glass_columns_a, glass_columns_b
D:2:      gammafunk_temple_overflow_elements, minmay_snake_closets, uniq_natasha

Action                   || total
-------------------------++-------
Melee: Quarterstaff      ||    28
       Bite              ||     2
Armor: Robe              ||     3
Dodge: Dodged            ||    17

Table legend:
 A = Spawn XP
 B = Non-spawn XP
 C = Spawn XP percentage of total XP
 D = Spawn monster count
 E = Non-spawn monster count
 F = Spawn count percentage of total count
 G = Total turns spent on level
                    A         B        C        D         E        F      G
               +---------+---------+-------+---------+---------+-------+---------
         Total |       0 |      39 |   0.0 |       0 |      13 |   0.0 |   150
               +---------+---------+-------+---------+---------+-------+---------
           D:1 |       0 |      22 |   0.0 |       0 |      10 |   0.0 |   104
           D:2 |       0 |      17 |   0.0 |       0 |       3 |   0.0 |    46
               +---------+---------+-------+---------+---------+-------+---------

Table legend:
 A = Turns spent in this place as a percentage of turns spent in the entire game.
 B = Non-inter-level travel turns spent in this place as a percentage of non-inter-level travel turns spent in the entire game.
 C = Inter-level travel turns spent in this place as a percentage of turns spent in this place.
 D = Turns resting spent in this place as a percentage of non-inter-level travel turns spent in this place.
 E = Turns spent auto-exploring this place as a percentage of non-inter-level travel turns spent in this place.
 F = Non-inter-level travel turns spent in this place divided by the number of levels of this place that you've seen.
                   A       B       C       D       E      F
               +-------+-------+-------+-------+-------+----------------------
         Total | 100.0 | 100.0 |   0.0 |   0.0 |   0.0 |  75.0
       Dungeon | 100.0 | 100.0 |   0.0 |   0.0 |   0.0 |  75.0
               +-------+-------+-------+-------+-------+----------------------

Table legend:
 A = Kills in this place as a percentage of kills in entire the game.
 B = Kills by you in this place as a percentage of kills by you in the entire game.
 C = Kills by friends in this place as a percentage of kills by friends in the entire game.
 D = Other kills in this place as a percentage of other kills in the entire game.
 E = Experience gained in this place as a percentage of experience gained in the entire game.
 F = Experience gained in this place divided by the number of levels of this place that you have seen.
                   A       B       C       D       E      F
               +-------+-------+-------+-------+-------+----------------------
         Total | 100.0 | 100.0 |   N/A |   N/A | 100.0 |  19.5
       Dungeon | 100.0 | 100.0 |   N/A |   N/A | 100.0 |  19.5
               +-------+-------+-------+-------+-------+----------------------

Vault maps used:
D:1:      eino_arrival_cavern_e, serial_glass, glass_columns_b, glass_columns_a,
          glass_columns_a, glass_columns_b
D:2:      gammafunk_temple_overflow_elements, minmay_snake_closets, uniq_natasha
